 Dungeon Crawl Stone Soup version bcrawl-1.27.8b (webtiles) character file.

Game seed: 9050202019941187200

519536 Baz the Covert (level 13, -4/101 HPs)
             Began as a Gnoll Sloth Apostle on Oct 27, 2020.
             Was the Champion of Cheibriados.
             Engulfed by an ice statue's freezing vapour (7 damage)
             ... in an ice cave.
             The game lasted 00:41:59 (12785 turns).

Baz the Covert (Gnoll Sloth Apostle)               Turns: 12785, Time: 00:41:59

Health: -4/101     AC: 11    Str: 32    XL:     13   Next: 61%
Magic:  25/25      EV: 20    Int: 32    God:    Cheibriados [******]
Gold:   884        SH: 15    Dex: 37    Spells: 24/29 levels left

rFire    + . .     SeeInvis .   S - +0 war axe (flame)
rCold    + + .     Gourm    +   c - +0 medium shield
rNeg     . . .     Faith    .   T - +0 troll leather armour
rPois    +         Spirit   .   l - +1 helmet
rElec    +         Reflect  .   (no cloak)
rCorr    +         Harm     .   (no gloves)
MR       .....                  A - +2 pair of boots
Stlth    ++++++....             y - amulet of the gourmand
HPRegen  0.66/turn              f - +7 ring of dexterity
MPRegen  0.19/turn              w - ring of protection from cold

@: resistant, very slow
A: distributed training, fangs 1, strong nose
a: Bend Time, Temporal Distortion, Slouch, Step From Time, Renounce Religion


You were in an ice cave.
You worshipped Cheibriados.
Cheibriados was exalted by your worship.
You were full.

You visited 2 branches of the dungeon, and saw 14 of its levels.
You also visited: Ossuary and Ice Cave.

You collected 884 gold pieces.

Inventory:

Hand Weapons
 b - a +0 blowgun
 S - a +0 war axe of flaming (weapon)
 W - a +2 whip of electrocution
Missiles
 i - 37 poisoned needles
 v - 136 javelins (quivered)
 C - 49 needles of confusion
Armour
 c - a +0 medium shield (worn)
 l - a +1 helmet (worn)
 r - a +3 chain mail of cold resistance
 A - a +2 pair of boots (worn)
 T - a +0 troll leather armour (worn)
Jewellery
 f - a +7 ring of dexterity (left hand)
 o - an uncursed ring of see invisible
 w - a ring of protection from cold (right hand)
 x - a +7 ring of intelligence
 y - an amulet of the gourmand (around neck)
 I - an uncursed ring of resist corrosion
 Z - the ring of Uxidout {+Fly Slay+3}
   (You found it on level 1 of the Lair of Beasts)

   [ring of flight]

   It affects your accuracy and damage with ranged weapons and melee attacks
   (+3).
   It lets you fly.
Wands
 d - a wand of paralysis (11)
 J - a wand of digging (3)
 X - a wand of random effects (15)
Scrolls
 a - 2 scrolls of identify
 g - 4 scrolls of immolation
 h - 3 scrolls of blinking
 j - 2 scrolls of amnesia
 n - 4 scrolls of enchant weapon
 p - 11 scrolls of remove curse
 q - a scroll of enchant armour
 s - a scroll of fear
 t - 7 scrolls of teleportation
 L - 2 scrolls of magic mapping
 R - 3 scrolls of fog {unknown}
 U - 3 scrolls of acquirement
 V - a scroll of summoning
 Y - a scroll of noise
Potions
 k - 2 potions of ambrosia
 m - a potion of cancellation
 u - 2 potions of magic
 z - 4 potions of lignification
 B - a potion of heal wounds
 D - 3 potions of might
 E - 5 potions of curing
 F - a potion of agility {unknown}
 G - 2 potions of flight {unknown}
 H - 4 potions of invisibility {unknown}
 M - 2 potions of brilliance {unknown}
 O - 2 potions of degeneration {unknown}
 Q - 2 potions of mutation
Miscellaneous
 K - a lightning rod (3/4)
Comestibles
 e - 26 rations {!d}


   Skills:
 + Level 9.5 Fighting
 + Level 8.3 Short Blades
 + Level 9.5 Long Blades
 + Level 8.3 Axes
 + Level 8.3 Maces & Flails
 + Level 8.3 Polearms
 + Level 8.3 Staves
 + Level 8.3 Slings
 + Level 8.3 Bows
 + Level 8.3 Crossbows
 + Level 8.3 Throwing
 + Level 8.3 Armour
 + Level 8.3 Dodging
 + Level 10.5 Stealth
 + Level 9.5 Shields
 + Level 8.3 Unarmed Combat
 + Level 8.8 Spellcasting
 + Level 6.9 Conjurations
 + Level 7.3 Hexes
 + Level 6.9 Charms
 + Level 6.9 Summonings
 + Level 6.9 Necromancy
 + Level 6.9 Translocations
 + Level 6.9 Transmutations
 + Level 6.9 Fire Magic
 + Level 6.9 Ice Magic
 + Level 6.9 Air Magic
 + Level 6.9 Earth Magic
 + Level 6.9 Poison Magic
 + Level 9.1 Invocations
 + Level 8.7 Evocations


You had 24 spell levels left.
You knew the following spells:

 Your Spells              Type           Power        Failure   Level  Hunger
a - Slow                  Hex            ######..     1%          1    None
b - Fulminant Prism       Conj/Hex       ######....   12%         4    ##.....

Your spell library contained the following spells:

 Spells                   Type           Power        Failure   Level  Hunger
 Tree Form                Hex/Tmut       N/A          12%         4    ##.....
 Iskenderun's Battlesphe  Conj/Chrm      ######..     34%         5    ####...
 Iron Shot                Conj/Erth      ######....   89%         6    ######.
 Poison Arrow             Conj/Pois      ######....   89%         6    ######.
 Statue Form              Tmut/Erth      ######...    89%         6    ######.
 Dragon Form              Tmut           ######.      100%        7    #######
 Orb of Destruction       Conj           ######....   100%        7    #######
 Spellforged Servitor     Conj/Summ      ######....   100%        7    #######
 Necromutation            Tmut/Necr      ######..     100%        8    #######


Dungeon Overview and Level Annotations

Branches:
Dungeon (9/12)             Temple (0/1) D:6            Lair (5/6) D:8
 Shoals (0/3) Lair:2        Snake (0/3) Lair:3          Orc (0/1) D:9
  Slime: Lair:5-6

Altars:
Makhleb
Nemelex Xobeh
Okawaru
Qazlal
Vehumet

Shops:
D:6 *   D:8 *

Annotations:
D:5 1 exclusion, Dowan, Menkaure
D:7 1 runed door IceCv 1 transporter, exclusion: 2 ice statues


Innate Abilities, Weirdness & Mutations

Your experience applies equally to all skills.
You have very sharp teeth.
Your uncanny sense of smell can sniff out nearby items.


Message History

You hit the ice statue.
You melt the ice statue.
You bite the ice statue, but do no damage.
The ice statue is heavily damaged.
The ice statue gestures at you. The shard of ice misses you.
The ice statue gestures at you. The freezing cloud misses you.
No path to travel!
No path to travel!
You hit the ice statue but do no damage.
The ice statue is heavily damaged.
You are engulfed in freezing vapours.
You resist.
* * * LOW HITPOINT WARNING * * *
The ice statue gestures.
No path to travel!
You slash the ice statue!
You melt the ice statue!
The ice statue is almost destroyed.
You hit the ice beast.
You melt the ice beast.
You are engulfed in freezing vapours.
You resist.
You die...

##........##
##..........#
##...........#
#.......8..8.#
#.........(.!#
#.∩.©....$.=©#
#....°..°°?.$#
#....°°°8..8.#
##....○@°°...#
##..°°.Y....#
##........##
####...###
#####


You could see 2 ice statues and an ice beast.

Vanquished Creatures
  Kirke (Lair:3)
  2 hydras
  A centaur warrior (D:8)
  A two-headed ogre (D:8)
  Nergalle (Lair:4)
  A goliath frog (Lair:5)
  2 ugly things (IceCv)
  6 elephants (Lair:3)
  A guardian serpent (Lair:3)
  4 black mambas (Lair:4)
  10 cane toads
  2 rime drakes (Lair:5)
  2 komodo dragons
  2 trolls
  A queen bee (Lair:3)
  2 polar bears (Lair:5)
  9 blink frogs
  Prince Ribbit (D:6)
  6 hippogriffs
  19 yaks
  2 hogs (Lair:3)
  A wyvern (Lair:1)
  6 basilisks
  A hungry ghost (D:7)
  Edmund (D:5)
  8 crocodiles
  15 water moccasins
  2 sky beasts (D:6)
  3 orc warriors
  9 porcupines
  7 ice beasts
  A black bear (Lair:2)
  A phantom (D:5)
  6 ogres
  5 wolves
  6 centaurs
  9 bullfrogs
  A big kobold (D:6)
  Blork the orc (D:6)
  A wyvern zombie (D:6)
  4 scorpions
  4 wights (D:8)
  29 killer bees
  3 howler monkeys
  2 crimson imps
  5 bullfrog zombies
  2 centaur skeletons
  4 centaur zombies (Ossuary)
  6 hounds
  2 quasits
  A gnoll shaman (D:4)
  5 orc priests
  2 jellies
  7 orc wizards
  2 iguanas
  3 worker ants
  2 killer bee zombies (Ossuary)
  7 hound zombies
  A hound skeleton (D:4)
  3 howler monkey zombies (Ossuary)
  9 mummies (Ossuary)
  3 worker ant zombies
  Robin (D:3)
  7 adders
  7 gnolls
  2 adder zombies (Ossuary)
  2 adder skeletons
  5 worms
  2 dart slugs
  3 leopard geckos
  32 orcs
  3 bats
  5 giant cockroaches
  9 hobgoblins
  14 jackals
  14 kobolds
  A quokka (D:2)
  5 frilled lizards
  10 goblins
  A jackal skeleton (D:7)
  3 jackal zombies (Ossuary)
  3 rats
395 creatures vanquished.

Vanquished Creatures (others)
  2 humans (Lair:3)
  2 fulminant prisms (Lair:4)
  13 fungi
  37 plants
  A withered plant (Ossuary)
55 creatures vanquished.

Grand Total: 450 creatures vanquished

Notes
Turn   | Place    | Note
-------+----------+-------------------------------------------
     0 | D:1      | Baz the Gnoll Sloth Apostle began the quest for the Orb.
     0 | D:1      | Reached XP level 1. HP: 20/20 MP: 4/4
   233 | D:1      | Reached XP level 2. HP: 16/26 MP: 5/5
  1031 | D:2      | Reached XP level 3. HP: 17/31 MP: 2/7
  1298 | D:2      | Reached skill level 1 in Invocations
  1425 | D:2      | Found a radiant altar of Vehumet.
  1815 | D:3      | Reached skill level 1 in Short Blades
  1815 | D:3      | Reached skill level 1 in Axes
  1815 | D:3      | Reached skill level 1 in Maces & Flails
  1815 | D:3      | Reached skill level 1 in Polearms
  1815 | D:3      | Reached skill level 1 in Staves
  1815 | D:3      | Reached skill level 1 in Slings
  1815 | D:3      | Reached skill level 1 in Bows
  1815 | D:3      | Reached skill level 1 in Crossbows
  1815 | D:3      | Reached skill level 1 in Throwing
  1815 | D:3      | Reached skill level 1 in Armour
  1815 | D:3      | Reached skill level 1 in Dodging
  1815 | D:3      | Reached skill level 1 in Unarmed Combat
  1827 | D:3      | Reached XP level 4. HP: 30/38 MP: 8/8
  1834 | D:3      | Noticed an ogre
  1882 | D:2      | Reached * piety under Cheibriados
  1882 | D:2      | Reached skill level 1 in Conjurations
  1882 | D:2      | Reached skill level 1 in Charms
  1882 | D:2      | Reached skill level 1 in Summonings
  1882 | D:2      | Reached skill level 1 in Necromancy
  1882 | D:2      | Reached skill level 1 in Translocations
  1882 | D:2      | Reached skill level 1 in Transmutations
  1882 | D:2      | Reached skill level 1 in Fire Magic
  1882 | D:2      | Reached skill level 1 in Ice Magic
  1882 | D:2      | Reached skill level 1 in Air Magic
  1882 | D:2      | Reached skill level 1 in Earth Magic
  1882 | D:2      | Reached skill level 1 in Poison Magic
  2010 | D:2      | Killed an ogre
  2010 | D:2      | Reached XP level 5. HP: 10/43 MP: 6/9
  2397 | D:3      | Reached XP level 6. HP: 13/50 MP: 8/10
  2988 | D:4      | Reached skill level 5 in Fighting
  2988 | D:4      | Reached skill level 5 in Long Blades
  2988 | D:4      | Reached skill level 5 in Shields
  3011 | D:4      | Found a stormy altar of Qazlal.
  3244 | D:4      | Reached ** piety under Cheibriados
  3274 | D:4      | Noticed Robin
  3309 | D:3      | Killed Robin
  3383 | D:4      | Reached XP level 7. HP: 9/56 MP: 8/12
  3647 | D:4      | Reached skill level 7 in Stealth
  3972 | D:5      | Entered Level 5 of the Dungeon
  4160 | D:5      | Reached *** piety under Cheibriados
  4196 | D:5      | Reached XP level 8. HP: 58/63 MP: 14/14
  4306 | D:5      | Noticed Edmund
  4346 | D:5      | Killed Edmund
  4408 | D:5      | Noticed Dowan
  4422 | D:5      | Noticed Menkaure
  4663 | D:6      | Noticed Blork the orc
  4674 | D:6      | Killed Blork the orc
  4688 | D:6      | Noticed Prince Ribbit
  4700 | D:6      | Killed Prince Ribbit
  4794 | D:6      | Found a staircase to the Ecumenical Temple.
  4940 | D:6      | Found an iron altar of Okawaru.
  4962 | D:6      | Found Gamank's Assorted Antiques.
  5256 | D:6      | Reached XP level 9. HP: 69/69 MP: 16/16
  5375 | D:6      | Reached skill level 5 in Spellcasting
  5492 | D:7      | Found a sand-covered staircase.
  5498 | Ossuary  | Entered an ossuary
  5636 | Ossuary  | Reached **** piety under Cheibriados
  5636 | Ossuary  | Reached skill level 5 in Evocations
  5955 | Ossuary  | Reached skill level 8 in Stealth
  6060 | D:7      | Found a burning altar of Makhleb.
  6085 | D:7      | Reached skill level 5 in Invocations
  6145 | D:7      | Reached XP level 10. HP: 55/77 MP: 18/18
  6390 | D:7      | Reached skill level 5 in Short Blades
  6390 | D:7      | Reached skill level 5 in Axes
  6390 | D:7      | Reached skill level 5 in Maces & Flails
  6390 | D:7      | Reached skill level 5 in Polearms
  6390 | D:7      | Reached skill level 5 in Staves
  6390 | D:7      | Reached skill level 5 in Slings
  6390 | D:7      | Reached skill level 5 in Bows
  6390 | D:7      | Reached skill level 5 in Crossbows
  6390 | D:7      | Reached skill level 5 in Throwing
  6390 | D:7      | Reached skill level 5 in Armour
  6390 | D:7      | Reached skill level 5 in Dodging
  6390 | D:7      | Reached skill level 5 in Unarmed Combat
  6521 | D:7      | Found a sparkling altar of Nemelex Xobeh.
  6630 | D:7      | Found a runed door.
  6834 | D:8      | Reached ***** piety under Cheibriados
  7162 | D:8      | Reached skill level 5 in Hexes
  7375 | D:8      | Noticed a two-headed ogre
  7393 | D:8      | Killed a two-headed ogre
  7505 | D:8      | Noticed a centaur warrior
  7514 | D:8      | Killed a centaur warrior
  7514 | D:8      | Reached XP level 11. HP: 78/84 MP: 20/20
  7576 | D:8      | Found Hymeuwum's Assorted Antiques.
  7582 | D:8      | Identified 3 scrolls of acquirement
  7645 | D:8      | Found a staircase to the Lair.
  7886 | D:9      | Found a staircase to the Orcish Mines.
  8045 | D:9      | Reached skill level 9 in Stealth
  8218 | D:9      | Reached skill level 5 in Conjurations
  8218 | D:9      | Reached skill level 5 in Charms
  8218 | D:9      | Reached skill level 5 in Summonings
  8218 | D:9      | Reached skill level 5 in Necromancy
  8218 | D:9      | Reached skill level 5 in Translocations
  8218 | D:9      | Reached skill level 5 in Transmutations
  8218 | D:9      | Reached skill level 5 in Fire Magic
  8218 | D:9      | Reached skill level 5 in Ice Magic
  8218 | D:9      | Reached skill level 5 in Air Magic
  8218 | D:9      | Reached skill level 5 in Earth Magic
  8218 | D:9      | Reached skill level 5 in Poison Magic
  8290 | D:9      | Identified the +10 war axe of Luxury {speed, rPois rC+++
                  | MR- Str+3}
  8690 | Lair:1   | Entered Level 1 of the Lair of Beasts
  9254 | Lair:1   | Got a crude amber ring
  9585 | Lair:2   | Identified the ring of Uxidout {+Fly Slay+3} (You found it
                  | on level 1 of the Lair of Beasts)
  9859 | Lair:2   | Reached XP level 12. HP: 78/93 MP: 20/23
  9963 | Lair:2   | Noticed an eight-headed hydra
  9966 | Lair:2   | Found a staircase to the Shoals.
  9970 | Lair:2   | Killed a six-headed hydra
 10656 | Lair:3   | Found a staircase to the Snake Pit.
 10706 | Lair:3   | Noticed Kirke
 10723 | Lair:3   | Killed Kirke
 10849 | Lair:3   | Reached ****** piety under Cheibriados
 11065 | Lair:3   | Reached skill level 10 in Stealth
 11262 | Lair:3   | Reached XP level 13. HP: 95/101 MP: 20/25
 11736 | Lair:4   | Learned a level 4 spell: Fulminant Prism
 12026 | Lair:4   | Noticed Nergalle
 12042 | Lair:4   | Killed Nergalle
 12599 | Lair:5   | Found a frozen archway.
 12711 | IceCv    | Entered an ice cave
 12729 | IceCv    | Found a transporter.
 12758 | IceCv    | Found a transporter.
 12784 | IceCv    | HP: 2/101 [ice statue] (6)]
 12785 | IceCv    | Engulfed by an ice statue's freezing vapour

Skill      XL: |  1  2  3  4  5  6  7  8  9 10 11 12 13 |
---------------+----------------------------------------+-----
Hexes          | 2 3 4 5 6 7 |  7.3
Invocations    | 1 2 3 4 5 6 7 8 9 |  9.1
Short Blades   | 1 2 3 4 5 6 7 8 |  8.3
Axes           | 1 2 3 4 5 6 7 8 |  8.3
Maces & Flails | 1 2 3 4 5 6 7 8 |  8.3
Polearms       | 1 2 3 4 5 6 7 8 |  8.3
Staves         | 1 2 3 4 5 6 7 8 |  8.3
Slings         | 1 2 3 4 5 6 7 8 |  8.3
Bows           | 1 2 3 4 5 6 7 8 |  8.3
Crossbows      | 1 2 3 4 5 6 7 8 |  8.3
Throwing       | 1 2 3 4 5 6 7 8 |  8.3
Armour         | 1 2 3 4 5 6 7 8 |  8.3
Dodging        | 1 2 3 4 5 6 7 8 |  8.3
Unarmed Combat | 1 2 3 4 5 6 7 8 |  8.3
Spellcasting   | 3 4 5 6 7 8 |  8.8
Conjurations   | 1 2 3 4 5 6 |  6.9
Charms         | 1 2 3 4 5 6 |  6.9
Summonings     | 1 2 3 4 5 6 |  6.9
Necromancy     | 1 2 3 4 5 6 |  6.9
Translocations | 1 2 3 4 5 6 |  6.9
Transmutations | 1 2 3 4 5 6 |  6.9
Fire Magic     | 1 2 3 4 5 6 |  6.9
Ice Magic      | 1 2 3 4 5 6 |  6.9
Air Magic      | 1 2 3 4 5 6 |  6.9
Earth Magic    | 1 2 3 4 5 6 |  6.9
Poison Magic   | 1 2 3 4 5 6 |  6.9
Evocations     | 3 4 5 6 7 8 |  8.7
Fighting       | 5 6 7 8 9 |  9.5
Long Blades    | 5 6 7 8 9 |  9.5
Shields        | 5 6 7 8 9 |  9.5
Stealth        | 7 8 9 10 | 10.5

Action                   |  1- 3 |  4- 6 |  7- 9 | 10-12 | 13-15 || total
-------------------------+-------+-------+-------+-------+-------++-------
Melee: Falchion          |   113 |   266 |   557 |   224 |       ||  1160
       Bite              |    15 |    47 |   149 |   182 |    49 ||   442
       Whip              |       |       |       |   504 |   178 ||   682
       War axe           |       |       |       |     3 |    44 ||    47
 Fire: Blowgun           |       |     4 |    26 |    10 |     5 ||    45
Throw: Javelin           |       |       |       |       |     7 ||     7
 Cast: Slow              |       |       |       |    24 |    10 ||    34
       Fulminant Prism   |       |       |       |       |     2 ||     2
Invok: Bend Time         |     3 |     3 |     3 |    12 |     6 ||    27
       Slouch            |       |       |       |     1 |     1 ||     2
Evoke: Lightning rod     |       |       |       |       |     1 ||     1
  Use: Potion            |     1 |     1 |       |       |     2 ||     4
       Scroll            |       |     3 |     8 |    12 |     3 ||    26
 Stab: Sleeping          |    13 |     4 |     7 |    18 |     4 ||    46
       Distracted        |       |       |     4 |     1 |     1 ||     6
  Eat: Chunk             |     7 |    10 |    26 |    33 |     6 ||    82
Armor: Robe              |    15 |     4 |       |       |       ||    19
       Leather armour    |       |    73 |   100 |    23 |       ||   196
       Troll leather arm |       |       |       |    96 |    37 ||   133
Dodge: Dodged            |    24 |   104 |   139 |   328 |   131 ||   726
Block: Medium shield     |    76 |   251 |   399 |   399 |   166 ||  1291
       Buckler           |       |       |       |   113 |       ||   113
